3L
NEW ORLEANS VOODOO @ OAKLAND OAKS
09/18/2031
 
TOP OF THE 1ST
New Orleans Voodoo batting - Pitching for Oakland Oaks : RHP Merlin Bassett
Pitching: RHP Merlin Bassett
Batting: RHB Mario Álvarez 0-0: Ball
1-0: Foul Ball, location: 2F
1-1: Ground out 1-3 (Groundball, P)
Batting: RHB Griffin Woodfinlevine 0-0: Called Strike
0-1: Foul Ball, location: 2F
0-2: Ball
1-2: Fly out, F8 (Flyball, 78D)
Batting: LHB Mario Nieves 0-0: Ball
1-0: Ball
2-0: SINGLE (Flyball, 9LS)
Batting: RHB Orlando Velásquez 0-0: Called Strike
0-1: SINGLE (Groundball, 34D)
Mario Nieves to second
Runner from 2nd tries for 3rd, SAFE, no throw
Batting: LHB William O'Keefe 0-0: Ball
1-0: Ball
2-0: Ball
3-0: Foul Ball, location: 2F
3-1: Swinging Strike
3-2: Strikes out swinging
Top of the 1st over - 0 runs, 2 hits, 0 errors, 2 left on base; New Orleans 0 - Oakland 0
BOTTOM OF THE 1ST
Oakland Oaks batting - Pitching for New Orleans Voodoo : RHP Rémi Ribeiro
Pitching: RHP Rémi Ribeiro
Batting: SHB Luis Luquín 0-0: Ball
1-0: Foul Ball, location: 2F
1-1: SINGLE (Groundball, 34D)
Batting: RHB Mike Wazowski 0-0: Ball
Pickoff Throw by Catcher to First - Error! E2
Luis Luquín to second
1-0: Fly out, F8 (Flyball, 8RM)
Batting: RHB Yehonatan Chazan 0-0: Fly out, F9 (Flyball, 9S)
Batting: RHB Colin O'Connell 0-0: Swinging Strike
0-1: Foul Ball, location: 2F
0-2: SINGLE (Line Drive, 6D)
Luis Luquín to third
Runner from 3rd tries for Home, SAFE, no throw
Batting: RHB Joseph Papasogli Pickoff Throw to First - Out!
Bottom of the 1st over - 1 run, 2 hits, 1 error, 0 left on base; New Orleans 0 - Oakland 1
TOP OF THE 2ND
New Orleans Voodoo batting - Pitching for Oakland Oaks : RHP Merlin Bassett
Batting: SHB Zuberi Mccray 0-0: Ball
1-0: Foul Ball, location: 2F
1-1: Fly out, F9 (Line Drive, 9)
Batting: RHB António Pérez 0-0: Swinging Strike
0-1: SOLO HOME RUN (Flyball, 7LD), Distance : 378 ft
Batting: RHB Arnold Giroux 0-0: Ground out 5-3 (Groundball, 56S)
Batting: LHB Gerald Kaufman 0-0: Ball
1-0: Foul Ball, location: 2F
1-1: SINGLE (Groundball, 4MD)
Batting: RHB Mario Álvarez 0-0: Ball
Gerald Kaufman is caught stealing 2nd base
Top of the 2nd over - 1 run, 2 hits, 0 errors, 0 left on base; New Orleans 1 - Oakland 1
BOTTOM OF THE 2ND
Oakland Oaks batting - Pitching for New Orleans Voodoo : RHP Rémi Ribeiro
Batting: RHB Joseph Papasogli 0-0: Called Strike
0-1: Ball
1-1: Ball
2-1: Fly out, F7 (Flyball, 7D)
Batting: SHB José Rico 0-0: Called Strike
0-1: Foul Ball, location: 2F
0-2: SOLO HOME RUN (Flyball, 9LD), Distance : 357 ft
Batting: RHB Alfonso Nazario 0-0: Called Strike
0-1: Foul Ball, location: 2F
0-2: Foul Ball, location: 2F
0-2: Foul Ball, location: 2F
0-2: Foul Ball, location: 2F
0-2: SOLO HOME RUN (Flyball, 7LD), Distance : 373 ft
Batting: SHB José Ángel 0-0: Called Strike
0-1: Ball
1-1: Swinging Strike
1-2: Ball
2-2: Ball
3-2: Base on Balls
Batting: RHB Ricardo Téllez 0-0: Ball
José Ángel is caught stealing 2nd base
1-0: Swinging Strike
1-1: Ball
2-1: Fly out, F7 (Flyball, 7D)
Bottom of the 2nd over - 2 runs, 2 hits, 0 errors, 0 left on base; New Orleans 1 - Oakland 3
TOP OF THE 3RD
New Orleans Voodoo batting - Pitching for Oakland Oaks : RHP Merlin Bassett
Batting: RHB Mario Álvarez 0-0: Ball
1-0: Swinging Strike
1-1: DOUBLE (Flyball, 78D)
Batting: RHB Griffin Woodfinlevine 0-0: Ball
1-0: Ball
2-0: Ground out 4-3 (Groundball, 4)
Mario Álvarez to third
Batting: LHB Mario Nieves 0-0: Fly out, F9 (Flyball, 9LM)
Runner from 3rd tags up, OUT at HOME
Top of the 3rd over - 0 runs, 1 hit, 0 errors, 0 left on base; New Orleans 1 - Oakland 3
BOTTOM OF THE 3RD
Oakland Oaks batting - Pitching for New Orleans Voodoo : RHP Rémi Ribeiro
Batting: SHB Luis Luquín 0-0: Ball
1-0: TRIPLE (Groundball, 3L)
Batting: RHB Mike Wazowski 0-0: Ball
1-0: Swinging Strike
1-1: Foul Ball, location: 2F
1-2: Ball
2-2: SINGLE (Line Drive, 5)
Luis Luquín scores
Batting: RHB Yehonatan Chazan 0-0: Ball
1-0: Swinging Strike
1-1: Swinging Strike
1-2: Foul Ball, location: 2F
1-2: Strikes out swinging
Batting: RHB Colin O'Connell 0-0: Ball
1-0: Swinging Strike
1-1: Ball
2-1: Foul Ball, location: 2F
2-2: Ball
3-2: Base on Balls
Mike Wazowski to second
Batting: RHB Joseph Papasogli 0-0: Called Strike
0-1: Fielders Choice at 2nd, 6-4 (Groundball, 6)
Mike Wazowski to third
Batting: SHB José Rico 0-0: Ball
1-0: Ball
2-0: Swinging Strike
2-1: Swinging Strike
2-2: Strikes out looking
Bottom of the 3rd over - 1 run, 2 hits, 0 errors, 2 left on base; New Orleans 1 - Oakland 4
TOP OF THE 4TH
New Orleans Voodoo batting - Pitching for Oakland Oaks : RHP Merlin Bassett
Batting: RHB Orlando Velásquez 0-0: Ball
1-0: Foul Ball, location: 2F
1-1: Ball
2-1: SINGLE (Flyball, 8RS)
Batting: LHB William O'Keefe 0-0: Swinging Strike
0-1: Ball
1-1: Ground out 4-3 (Groundball, 4S)
Orlando Velásquez to second
Batting: SHB Zuberi Mccray 0-0: Foul Ball, location: 2F
0-1: Ground out 5-3 (Groundball, 56)
Batting: RHB António Pérez 0-0: Ball
1-0: Ball
2-0: Called Strike
2-1: Foul Ball, location: 2F
2-2: Ball
3-2: Ground out 6-3 (Groundball, 6)
Top of the 4th over - 0 runs, 1 hit, 0 errors, 1 left on base; New Orleans 1 - Oakland 4
BOTTOM OF THE 4TH
Oakland Oaks batting - Pitching for New Orleans Voodoo : RHP Rémi Ribeiro
Batting: RHB Alfonso Nazario 0-0: Foul Ball, location: 2F
0-1: Ball
1-1: Called Strike
1-2: Ground out 4-3 (Groundball, 4)
Batting: SHB José Ángel 0-0: Called Strike
0-1: Ball
1-1: Ball
2-1: SINGLE (Groundball, 34D)
Batting: RHB Ricardo Téllez 0-0: Ball
1-0: Ball
2-0: Called Strike
2-1: Foul Ball, location: 2F
2-2: SINGLE (Groundball, 6) (infield hit)
José Ángel to second
Batting: SHB Luis Luquín 0-0: Ball
1-0: Called Strike
1-1: Ball
2-1: Ball
3-1: Base on Balls
José Ángel to third
Ricardo Téllez to second
Pitching: LHP Miguel Toro
Batting: RHB Mike Wazowski 0-0: Ball
1-0: Ball
2-0: Called Strike
2-1: Swinging Strike
2-2: Strikes out swinging
Batting: RHB Yehonatan Chazan 0-0: Foul Ball, location: 2F
0-1: Foul Ball, location: 2F
0-2: Ball
1-2: Foul Ball, location: 2F
1-2: Foul Ball, location: 2F
1-2: Ball
2-2: Ball
3-2: Base on Balls
José Ángel scores
Ricardo Téllez to third
Luis Luquín to second
Batting: RHB Colin O'Connell 0-0: Ball
1-0: Called Strike
1-1: Ball
2-1: Foul Ball, location: 2F
2-2: Ball
3-2: Base on Balls
Ricardo Téllez scores
Luis Luquín to third
Yehonatan Chazan to second
Batting: RHB Joseph Papasogli 0-0: Ball
1-0: Swinging Strike
1-1: Foul Ball, location: 2F
1-2: Foul Ball, location: 2F
1-2: Strikes out swinging
Bottom of the 4th over - 2 runs, 2 hits, 0 errors, 3 left on base; New Orleans 1 - Oakland 6
TOP OF THE 5TH
New Orleans Voodoo batting - Pitching for Oakland Oaks : RHP Merlin Bassett
Batting: RHB Arnold Giroux 0-0: SINGLE (Groundball, 56D)
Batting: LHB Gerald Kaufman 0-0: Fielders Choice at 2nd, 6-4 (Groundball, 6)
Batting: RHB Mario Álvarez 0-0: Ball
1-0: Called Strike
1-1: Fielders Choice at 2nd, 6-4 (Groundball, 6)
Batting: RHB Griffin Woodfinlevine 0-0: Ball
1-0: Ball
2-0: Foul Ball, location: 2F
2-1: Fly out, F4 (Popup, 4)
Top of the 5th over - 0 runs, 1 hit, 0 errors, 1 left on base; New Orleans 1 - Oakland 6
BOTTOM OF THE 5TH
Oakland Oaks batting - Pitching for New Orleans Voodoo : LHP Miguel Toro
Batting: SHB José Rico 0-0: Foul Ball, location: 2F
0-1: Ball
1-1: Ball
2-1: Ball
3-1: SINGLE (Groundball, 6M) (infield hit)
Batting: RHB Alfonso Nazario 0-0: Foul Ball, location: 2F
0-1: Ball
1-1: Ball
2-1: Fly out, F6 (Popup, 6S)
Batting: SHB José Ángel 0-0: Ball
1-0: Called Strike
1-1: Ball
2-1: Foul Ball, location: 2F
2-2: Foul Ball, location: 2F
2-2: Ball
3-2: Strikes out looking
Batting: RHB Ricardo Téllez 0-0: Called Strike
0-1: Fly out, F8 (Flyball, 8LD)
Bottom of the 5th over - 0 runs, 1 hit, 0 errors, 1 left on base; New Orleans 1 - Oakland 6
TOP OF THE 6TH
New Orleans Voodoo batting - Pitching for Oakland Oaks : RHP Merlin Bassett
Batting: LHB Mario Nieves 0-0: Foul Ball, location: 2F
0-1: DOUBLE (Line Drive, 89XD)
Batting: RHB Orlando Velásquez 0-0: Called Strike
0-1: Called Strike
0-2: Ball
1-2: Strikes out swinging
Batting: LHB William O'Keefe 0-0: Foul Ball, location: 2F
0-1: Ball
1-1: Called Strike
1-2: Ball
2-2: Strikes out swinging
Batting: SHB Zuberi Mccray 0-0: Called Strike
0-1: SINGLE (Line Drive, 9)
Mario Nieves to third
Runner from 3rd tries for Home, SAFE, throw made home
Batting: RHB António Pérez 0-0: Called Strike
0-1: Ball
1-1: Ball
2-1: Ball
3-1: SINGLE (Line Drive, 6MD)
Zuberi Mccray to second
Runner from 2nd tries for 3rd, SAFE, throw made to third
Batting: RHB Arnold Giroux 0-0: Called Strike
0-1: Fly out, F3 (Popup, 3F)
Top of the 6th over - 1 run, 3 hits, 0 errors, 2 left on base; New Orleans 2 - Oakland 6
BOTTOM OF THE 6TH
Oakland Oaks batting - Pitching for New Orleans Voodoo : LHP Miguel Toro
Batting: SHB Luis Luquín 0-0: Ball
1-0: Foul Ball, location: 2F
1-1: Foul Ball, location: 2F
1-2: SINGLE (Groundball, 56D)
Batting: RHB Mike Wazowski 0-0: Foul Ball, location: 2F
0-1: Ball
1-1: DOUBLE (Line Drive, 78D)
Luis Luquín to third
Runner from 3rd tries for Home, throw and OUT!
Batting: RHB Yehonatan Chazan 0-0: Ball
1-0: Foul Ball, location: 2F
1-1: Called Strike
1-2: Ball
2-2: Foul Ball, location: 2F
2-2: Ball
3-2: Foul Ball, location: 2F
3-2: Foul Ball, location: 2F
3-2: Base on Balls
Batting: RHB Colin O'Connell 0-0: Ball
1-0: Fly out, F5 (Line Drive, 56)
Batting: RHB Joseph Papasogli 0-0: Called Strike
0-1: Ball
1-1: Ball
2-1: Fielders Choice at 2nd, 6-4 (Groundball, 6)
Bottom of the 6th over - 0 runs, 2 hits, 0 errors, 2 left on base; New Orleans 2 - Oakland 6
TOP OF THE 7TH
New Orleans Voodoo batting - Pitching for Oakland Oaks : RHP Merlin Bassett
Batting: LHB Gerald Kaufman 0-0: TRIPLE (Line Drive, 78XD)
Batting: RHB Mario Álvarez 0-0: Ground out 4-3 (Groundball, 4)
Gerald Kaufman scores
Batting: RHB Griffin Woodfinlevine 0-0: Called Strike
0-1: Ball
1-1: Ground out 2-3 (Groundball, 2L)
Batting: LHB Mario Nieves 0-0: Called Strike
0-1: Ball
1-1: Ground out U3 (Groundball, 34)
Top of the 7th over - 1 run, 1 hit, 0 errors, 0 left on base; New Orleans 3 - Oakland 6
BOTTOM OF THE 7TH
Oakland Oaks batting - Pitching for New Orleans Voodoo : LHP Miguel Toro
Pitching: RHP Quintiliano Seixal
Batting: SHB José Rico 0-0: Ground out 4-3 (Groundball, 4)
Batting: RHB Alfonso Nazario 0-0: Called Strike
0-1: Ball
1-1: Called Strike
1-2: Strikes out looking
Batting: SHB José Ángel 0-0: Ball
1-0: Swinging Strike
1-1: Ball
2-1: Swinging Strike
2-2: Strikes out swinging
Bottom of the 7th over - 0 runs, 0 hits, 0 errors, 0 left on base; New Orleans 3 - Oakland 6
TOP OF THE 8TH
New Orleans Voodoo batting - Pitching for Oakland Oaks : RHP Merlin Bassett
Now at 3B: Joaquín Reyes
Now in CF: Armando Rodríguez
Batting: RHB Orlando Velásquez 0-0: Called Strike
0-1: Ball
1-1: Fly out, F9 (Flyball, 9S)
Batting: LHB William O'Keefe 0-0: Ball
1-0: Ball
2-0: Swinging Strike
2-1: SINGLE (Groundball, 34D)
Batting: SHB Zuberi Mccray 0-0: Ball
1-0: Foul Ball, location: 2F
1-1: Foul Ball, location: 2F
1-2: SINGLE (Groundball, 34D)
William O'Keefe to second
Runner from 2nd tries for 3rd, SAFE, throw made to third
Pinch Runner at 3rd Rafael Arredondo:
Batting: RHB António Pérez 0-0: Foul Ball, location: 2F
0-1: Ground out 5-3 (Groundball, 56S)
Rafael Arredondo scores
Zuberi Mccray to second
Pitching: RHP Chae-seong Kim
Batting: RHB Arnold Giroux 0-0: Ball
1-0: Called Strike
1-1: Foul Ball, location: 2F
1-2: Ball
2-2: Foul Ball, location: 2F
2-2: Foul Ball, location: 2F
2-2: Ball
3-2: Strikes out looking
Top of the 8th over - 1 run, 2 hits, 0 errors, 1 left on base; New Orleans 4 - Oakland 6
BOTTOM OF THE 8TH
Oakland Oaks batting - Pitching for New Orleans Voodoo : RHP Quintiliano Seixal
Batting: RHB Ricardo Téllez 0-0: Called Strike
0-1: Called Strike
0-2: Foul Ball, location: 2F
0-2: Strikes out looking
Batting: SHB Luis Luquín 0-0: Called Strike
0-1: Foul Ball, location: 2F
0-2: Ball
1-2: Strikes out swinging
Batting: RHB Armando Rodríguez 0-0: Ball
1-0: Ground out 4-3 (Groundball, 4)
Bottom of the 8th over - 0 runs, 0 hits, 0 errors, 0 left on base; New Orleans 4 - Oakland 6
TOP OF THE 9TH
New Orleans Voodoo batting - Pitching for Oakland Oaks : RHP Chae-seong Kim
Pitching: LHP José Castaneda
Batting: LHB Gerald Kaufman 0-0: Ball
1-0: Ball
2-0: Foul Ball, location: 2F
2-1: Swinging Strike
2-2: Strikes out looking
Batting: RHB Mario Álvarez 0-0: Ball
1-0: Ball
2-0: Foul Ball, location: 2F
2-1: Foul Ball, location: 2F
2-2: Ball
3-2: Foul Ball, location: 2F
3-2: SINGLE (Groundball, 56D)
Batting: RHB Griffin Woodfinlevine 0-0: Fly out, F3 (Line Drive, 34)
Batting: LHB Mario Nieves 0-0: Foul Ball, location: 2F
0-1: Ball
1-1: Ball
2-1: Swinging Strike
2-2: Fly out, F9 (Line Drive, 9)
Top of the 9th over - 0 runs, 1 hit, 0 errors, 1 left on base; New Orleans 4 - Oakland 6
Tuesday, June 12th, 2018 - OOTP Baseball 18.8 Build 76